 Dungeon Crawl Stone Soup version 0.31-a0-986-g5e6e4ef867 (webtiles) character file.

Game seed: 12181026712737354971

10366 mattiecakes the Cardsharp (level 11, -3/68 HPs)
             Began as a Gargoyle Fighter on Nov 6, 2023.
             Was a High Priest of Nemelex Xobeh.
             Constricted to death by a shambling mangrove (7 damage)
             ... on level 11 of the Dungeon.
             The game lasted 00:36:17 (9660 turns).

mattiecakes the Cardsharp (Gargoyle Fighter)        Turns: 9660, Time: 00:36:17

Health: -3/68      AC: 18    Str: 24    XL:     11   Next: 61%
Magic:  18/18      EV:  5    Int:  9    God:    Nemelex Xobeh [*****.]
Gold:   625        SH:  5    Dex:  9    Spells: 10/10 levels left

rFire   + + .        n - +2 war axe (elec)
rCold   + + .        c - +0 buckler
rNeg    + . .        b - +0 chain mail {rF+}
rPois   ∞            (no helmet)
rElec   +            (no cloak)
rCorr   .            (no gloves)
SInv    .            (no boots)
Will    .....        u - amulet of the acrobat Stlth
                     y - ring of protection from fire
HPRegen 0.31/turn    o - ring of protection from cold
MPRegen 0.16/turn

%: acrobat
@: mighty, grasped by roots, constricted
A: sickness immunity, AC +8, negative energy resistance 1, electricity
resistance, torment resistance 1, petrification resistance, cold resistance 1
a: Renounce Religion, Draw Escape, Draw Destruction, Draw Summoning, Triple
Draw, Deal Four, Stack Five


You were on level 11 of the Dungeon.
You worshipped Nemelex Xobeh.
Nemelex Xobeh was extremely pleased with you.
You visited 1 branch of the dungeon, and saw 11 of its levels.

You collected 625 gold pieces.

Inventory:

Hand Weapons
 n - a +2 war axe of electrocution (weapon)
Missiles
 w - 6 throwing nets
Armour
 b - a +0 chain mail of fire resistance (worn)
 c - a +0 buckler (worn)
Jewellery
 o - a ring of protection from cold (right hand)
 u - an amulet of the acrobat (around neck)
 y - a ring of protection from fire (left hand)
 B - a ring of protection from cold
Wands
 h - a wand of flame (8)
 l - a wand of roots (16)
 r - a wand of paralysis (7)
 s - a wand of polymorph (5)
 x - a wand of quicksilver (14)
Scrolls
 a - a scroll of teleportation
 g - 2 scrolls of noise
 i - 8 scrolls of identify
 p - a scroll of brand weapon {unknown}
 q - 3 scrolls of enchant armour
 t - a scroll of blinking
 v - a scroll of immolation
 z - a scroll of amnesia {unknown}
Potions
 d - a potion of might
 e - 2 potions of ambrosia
 f - 5 potions of lignification
 j - a potion of cancellation
 k - a potion of curing
 m - 2 potions of enlightenment
 A - a potion of brilliance {unknown}


   Skills:
 + Level 8.2 Fighting
 + Level 9.3 Axes
 + Level 8.2 Armour
 + Level 8.2 Shields
 + Level 10.3 Invocations


You had 10 spell levels left.
You didn't know any spells.
Your spell library contained the following spells:

 Spells                   Type           Power      Damage    Failure   Level
 Apportation              Tloc           0%         N/A       91%         1
 Necrotise                Necr           0%         1d4       91%         1
 Summon Small Mammal      Summ           0%         N/A       91%         1
 Ignite Poison            Fire/Tmut/Pois 0%         N/A       100%        3
 Sticky Flame             Conj/Fire      0%         2d3       100%        4
 Ignition                 Fire           0%         3d3       100%        8


Dungeon Overview and Level Annotations

Branches:
Dungeon (11/15)            Temple (0/1) D:5            Lair (0/5) D:11
    Orc (0/2) D:9

Altars:
Ashenzari
Cheibriados
Elyvilon
Gozag
Nemelex Xobeh
Okawaru
Ru
Sif Muna
Uskayaw
Wu Jian
Xom

Shops:
D:1 =[   D:4 :   D:6 *


Innate Abilities, Weirdness & Mutations

You are immune to sickness and miasma.
Your stone body is resilient. (AC +8)
You are immune to poison.
You resist negative energy. (rN+)
You are resistant to electric shocks. (rElec)
You are resistant to unholy torment.
You are immune to petrification.
Your flesh is cold resistant. (rC+)


Message History

The shambling mangrove is heavily damaged.
You slash the hornet! Lightning courses through the hornet!!
You hit the hornet.
The hornet stings you but does no damage.
You block the hornet's attack. The hornet completely misses you.
The hornet stings you but does no damage.
Unknown command.
You hit the shambling mangrove.
The shambling mangrove is heavily damaged.
You hit the hornet but do no damage. You closely miss the hornet.
The hornet stings you.
The hornet stings you but does no damage.
You block the shambling mangrove's attack.
The grasping roots constrict you.
You hit the shambling mangrove.
The shambling mangrove is heavily damaged.
You slash the hornet! You hit the hornet. Lightning courses through the hornet!
You kill the hornet!
The hornet stings you.
The shambling mangrove barely misses you.
The grasping roots constrict you!
* * * LOW HITPOINT WARNING * * *
The hornet stings you but does no damage.
Unknown command.
You feel better. The hornet stings you.
* * * LOW HITPOINT WARNING * * *
The shambling mangrove hits you!
* * * LOW HITPOINT WARNING * * *
The grasping roots constrict you.
* * * LOW HITPOINT WARNING * * *
Unknown command.
Unknown command.
Okay, then.
Unknown command.
You draw a card...
You have drawn Velocity.
Nothing appears to happen.
The hornet stings you but does no damage. x2
You block the shambling mangrove's attack.
The grasping roots constrict you!
You die...
Your body disappears without a glow.

#.......#
...###.......#
...#....f....######
#..#..............#
#..#.>............#
#..#..............#
#..#..............#
#####..##.............#
#...<.@f'...........###
..#
#......y#...........#
..#
#.......#...........#
..#
#.......###.......###
..# #.........#.......+
..# #....[....#########
..# #....)........ ..#
#..######.....
..#########..+ .....#


You could see a shambling mangrove (misshapen) and a hornet.

Vanquished Creatures
  Harold (D:10)
  2 two-headed ogres
  Urug (D:11)
  An ugly thing (D:8)
  A troll (D:9)
  Prince Ribbit (D:5)
  A hornet (D:11)
  A wraith (D:10)
  11 yaks
  A vampire (D:10)
  2 steam dragons (D:6)
  An acid dragon (D:9)
  2 orc warriors (D:9)
  2 sky beasts (D:6)
  3 centaurs
  2 ogres
  A phantom (D:7)
  5 kobold brigands
  4 bullfrogs
  A gnoll sergeant (D:6)
  3 scorpions
  4 wights (D:7)
  11 killer bees
  2 jellies
  2 howler monkeys
  A quasit (D:6)
  4 hounds
  Natasha (twice) (D:4)
  An iguana (D:4)
  An orc wizard (D:7)
  7 gnolls
  7 adders
  A river rat (D:6)
  3 white imps (D:6)
  2 ufetubi (D:6)
  A worm (D:2)
  2 dart slugs
  30 orcs
  8 ball pythons
  2 endoplasms
  2 giant cockroaches
  6 goblins
  2 hobgoblins (D:3)
  2 quokkas (D:1)
  7 bats
  4 frilled lizards
  24 kobolds
  4 rats
189 creatures vanquished.

Vanquished Creatures (collateral kills)
  An entropy weaver (D:7)
  A troll (D:10)
  Grinder (D:5)
  An acid dragon (D:11)
  An ice beast (D:4)
  2 ogres
  2 centaurs (D:6)
  2 killer bees (D:8)
  2 orc priests (D:5)
  An orc wizard (D:4)
  An adder (D:4)
  3 gnolls
  2 white imps (D:6)
  11 orcs
  3 ball pythons (D:4)
34 creatures vanquished.

Grand Total: 223 creatures vanquished

Notes
Turn   | Place    | Note
-------+----------+-------------------------------------------
     0 | D:1      | mattiecakes the Gargoyle Fighter began the quest for the
                  | Orb.
     0 | D:1      | Reached XP level 1. HP: 14/14 MP: 1/1
    57 | D:1      | Found Ofuarchi's Jewellery Shop.
   163 | D:1      | Reached XP level 2. HP: 19/19 MP: 2/2
   197 | D:1      | Found a faded altar of an unknown god.
   368 | D:1      | Prayed at the altar of an unknown god.
   368 | D:1      | Became a worshipper of Nemelex Xobeh the Trickster
   368 | D:1      | Reached * piety under Nemelex Xobeh
   368 | D:1      | Received a gift from Nemelex Xobeh
   672 | D:1      | Found Talesile's Armour Shoppe.
   732 | D:1      | Received a gift from Nemelex Xobeh
  1007 | D:2      | Reached XP level 3. HP: 23/23 MP: 3/3
  1085 | D:2      | Reached skill level 1 in Invocations
  1119 | D:2      | Reached ** piety under Nemelex Xobeh
  1539 | D:2      | Received a gift from Nemelex Xobeh
  1815 | D:3      | Reached XP level 4. HP: 28/28 MP: 5/5
  1845 | D:3      | Found an opulent altar of Gozag.
  1919 | D:3      | Found a white marble altar of Elyvilon.
  1966 | D:3      | Reached skill level 2 in Invocations
  2142 | D:3      | Received a gift from Nemelex Xobeh
  2432 | D:4      | Reached XP level 5. HP: 15/32 MP: 5/7
  2436 | D:4      | Noticed an ice beast
  2440 | D:4      | Killed an ice beast
  2441 | D:4      | Reached skill level 3 in Invocations
  2441 | D:4      | Reached XP level 6. HP: 20/37 MP: 6/8
  2570 | D:4      | Reached skill level 4 in Invocations
  2679 | D:4      | Reached *** piety under Nemelex Xobeh
  2759 | D:4      | Reached skill level 5 in Axes
  2823 | D:4      | Found Gesuapom's Vocational Training.
  2853 | D:4      | Reached XP level 7. HP: 41/41 MP: 10/10
  2856 | D:4      | Received a gift from Nemelex Xobeh
  2951 | D:4      | Noticed Natasha
  2967 | D:4      | Killed Natasha
  3145 | D:4      | Noticed Natasha
  3157 | D:4      | Killed Natasha
  3158 | D:4      | Reached skill level 5 in Invocations
  3465 | D:5      | Entered Level 5 of the Dungeon
  3727 | D:5      | Noticed Prince Ribbit
  3728 | D:5      | Killed Prince Ribbit
  3729 | D:5      | Reached skill level 6 in Invocations
  3729 | D:5      | Reached XP level 8. HP: 46/46 MP: 12/12
  3754 | D:5      | Found a staircase to the Ecumenical Temple.
  3758 | D:5      | Noticed Grinder
  3762 | D:5      | Killed Grinder
  3775 | D:5      | Received a gift from Nemelex Xobeh
  3848 | D:5      | Reached skill level 7 in Invocations
  4389 | D:6      | Found an iron altar of Okawaru.
  4599 | D:6      | Found a hide-covered altar of Uskayaw.
  4612 | D:6      | Reached XP level 9. HP: 49/52 MP: 14/14
  4613 | D:6      | Noticed Duvessa
  4617 | D:6      | Noticed Dowan
  4620 | D:6      | Duvessa changed into Duvessa the iguana
  4620 | D:6      | Noticed Duvessa
  4620 | D:6      | Dowan changed into Dowan the killer bee
  4620 | D:6      | Noticed Dowan
  4621 | D:6      | Duvessa the iguana changed into Duvessa the river rat
  4621 | D:6      | Noticed Duvessa
  4621 | D:6      | Dowan the killer bee changed into Dowan the goblin
  4621 | D:6      | Noticed Dowan
  4633 | D:6      | Killed Duvessa the river rat
  4634 | D:6      | Killed Dowan the goblin
  4723 | D:6      | Found Meopum's Assorted Antiques.
  4888 | D:6      | Gained mutation: Your flesh is cold resistant. (rC+)
                  | [potion of mutation]
  4930 | D:6      | Found a broken altar of Ashenzari.
  5389 | D:7      | Noticed a troll
  5390 | D:7      | a troll changed into an entropy weaver
  5390 | D:7      | Noticed an entropy weaver
  5400 | D:7      | Killed an entropy weaver
  5401 | D:7      | Reached skill level 5 in Fighting
  5401 | D:7      | Reached skill level 5 in Armour
  5401 | D:7      | Reached skill level 5 in Shields
  5401 | D:7      | Reached skill level 8 in Invocations
  5778 | D:7      | Received a gift from Nemelex Xobeh
  6217 | D:7      | Found a snail-covered altar of Cheibriados.
  6317 | D:7      | Reached XP level 10. HP: 60/60 MP: 16/16
  6427 | D:7      | Reached **** piety under Nemelex Xobeh
  6560 | D:8      | Found an ornate altar of the Wu Jian Council.
  6720 | D:8      | Found a sacrificial altar of Ru.
  6842 | D:8      | Found a sparkling altar of Nemelex Xobeh.
  6973 | D:8      | Noticed a brown ugly thing
  6977 | D:8      | Killed a brown ugly thing
  7356 | D:9      | Received a gift from Nemelex Xobeh
  7371 | D:9      | Reached skill level 9 in Invocations
  7520 | D:9      | Found a shimmering blue altar of Sif Muna.
  7666 | D:9      | Noticed a two-headed ogre
  7691 | D:9      | Killed a two-headed ogre
  7862 | D:9      | Found a staircase to the Orcish Mines.
  7950 | D:10     | Entered Level 10 of the Dungeon
  8129 | D:10     | Noticed Harold
  8142 | D:10     | Killed Harold
  8143 | D:10     | Reached XP level 11. HP: 41/67 MP: 18/18
  8726 | D:10     | Reached ***** piety under Nemelex Xobeh
  8803 | D:10     | Found a shimmering altar of Xom.
  8913 | D:10     | Reached skill level 10 in Invocations
  9006 | D:10     | Noticed a two-headed ogre
  9012 | D:10     | Killed a two-headed ogre
  9555 | D:11     | Noticed Urug
  9570 | D:11     | Killed Urug
  9607 | D:11     | Found a staircase to the Lair.
  9614 | D:11     | Received a gift from Nemelex Xobeh
  9615 | D:11     | Noticed an oklob plant
  9625 | D:11     | an oklob plant changed into a shambling mangrove
  9625 | D:11     | Noticed a shambling mangrove
  9659 | D:11     | HP: 3/68 [constriction (6)]
  9660 | D:11     | Constricted to death by a shambling mangrove

Illustrated notes

Levels and vault maps discovered:
D:1:      mushboom_english_gardens, layout_basic,
          nicolae_ecumenical_snake_handling, serial_shops, nicolae_diamond_shop,
          nicolae_shop_behind_doors, serial_glass, glass_columns_c,
          glass_columns_b, feat_on_display, serial_park_tiny_1, minivault_25,
          kennysheep_pointless_box
D:2:      layout_loops_ring, serial_forest, infiniplex_forest_lined_1,
          infiniplex_forest_lined_room_2, infiniplex_forest_end_double,
          infiniplex_forest_clump_small
D:3:      layout_basic, mainiacjoe_overflow_swirl
D:4:      layout_cave_pods, nicolae_shop_vocational, uniq_natasha
D:5:      layout_basic, temple_green, uniq_grinder, uniq_prince_ribbit1
D:6:      layout_basic, eat_drink_and_be_merry_uskayaw, lemuel_doored_altar,
          kennysheep_mini_moat, serial_shops, nicolae_shop_crystal,
          serial_demonic, serial_demonic_f, serial_demonic_c, serial_demonic_f,
          serial_demonic_g, uniq_duvessa
D:7:      layout_loops_corners, kennysheep_slug_shrine
D:8:      layout_rooms, amcnicky_altar_gilded, lemuel_coloured_pillars_altar,
          mainiacjoe_overflow_cross_hatched
D:9:      layout_roguey, nicolae_sif_muna_condensation,
          kennysheep_orc_monster_closet_entryway
D:10:     layout_basic, mainiacjoe_overflow_24_doors, uniq_harold
D:11:     layout_irregular_city, dpeg_oklobed_lair, gauntlet_entry_generic,
          minivault_16, uniq_erolcha, uniq_gastronok, uniq_urug

Skill      XL: |  1  2  3  4  5  6  7  8  9 10 11 |
---------------+----------------------------------+-----
Axes           | 2 3 4 5 6 7 8 9 |  9.3
Invocations    | 1 2 3 4 6 7 8 9 10 | 10.3
Fighting       | 4 5 7 8 |  8.2
Armour         | 4 5 7 8 |  8.2
Shields        | 4 5 7 8 |  8.2

Action                     |  1- 3 |  4- 6 |  7- 9 | 10-12 || total
---------------------------+-------+-------+-------+-------++-------
  Melee: War axe           |    86 |    78 |   328 |   229 ||   721
 Invoke: Draw Destruction  |     1 |     2 |    15 |    22 ||    40
         Draw Summoning    |     1 |     2 |     5 |     5 ||    13
         Triple Draw       |       |       |     1 |       ||     1
         Draw Escape       |       |       |       |     1 ||     1
    Use: Scroll            |       |       |    10 |     1 ||    11
         Potion            |       |       |     7 |     4 ||    11
   Stab: Petrified         |       |       |       |     3 ||     3
 Armour: Scale mail        |    48 |    81 |   317 |   178 ||   624
         Chain mail        |       |       |       |    60 ||    60
  Dodge: Dodged            |    38 |    37 |   167 |   115 ||   357
  Block: Buckler           |    24 |    16 |    68 |    79 ||   187

Table legend: (Time is in decaauts)
 A = Elapsed time spent in this place.
 B = Non-inter-level travel time spent in this place.
 C = Inter-level travel time spent in this place.
 D = Time resting spent in this place.
 E = Time spent auto-exploring this place.
 F = Levels seen in this place.
 G = Mean time per level.
                   A        B        C        D        E       F      G
               +--------+--------+--------+--------+--------+-----+--------+
         Total |   9797 |   9287 |    510 |   1656 |   5845 |  11 |  890.6 |
       Dungeon |   9797 |   9287 |    510 |   1656 |   5845 |  11 |  890.6 |
               +--------+--------+--------+--------+--------+-----+--------+

Top non-repeatable levels by time:
     D:7: 1330 daAuts
     D:6: 1191 daAuts
     D:9: 1178 daAuts
    D:10: 1156 daAuts
     D:4: 1070 daAuts
     D:1: 1019 daAuts
     D:3: 733 daAuts
     D:2: 705 daAuts
     D:5: 668 daAuts
     D:8: 614 daAuts
    D:11: 126 daAuts
